Map: Romanticide LE

Players

Rogue - Winner!

  • Race: Zerg Zerg
  • Spawn Location: 5:00

MaxPax

  • Race: Protoss Protoss
  • Spawn Location: 11:00

Event: ASUS ROG Online 2020

VOD

Have the link to the VOD?

Description

Time

  • Played on: Nov. 27, 2020, 6:31 a.m.
  • Length: 18:23

All games in this series

Show
View Real Time Build Order
Export as new Build Order

Rogue Zerg - Winner!

Build Orders: Hatch First, Lurkers 

Get SALT Encoding   

  12  0:00  Drone  
  13  0:12  Overlord  
  13  0:17  Drone  
  14  0:31  Drone x2  
  16  0:47  Hatchery  
  15  0:51  Drone  
  15  0:55  Drone  
  17  1:00  Drone  
  18  1:11  Extractor  
  18  1:16  Spawning Pool  
  16  1:19  Drone  
  16  1:22  Drone  
  18  1:34  Drone  
  18  1:38  Extractor  
  18  1:41  Drone  
  19  1:53  Drone  
  20  2:03  Queen  
  20  2:04  Zergling x2, Roach Warren  
  22  2:09  Overlord  
  22  2:25  Drone  
  23  2:32  Overlord  
  23  2:44  Roach x3  
  29  2:48  Roach  
  31  2:55  Roach  
  31  2:58  Drone  
  34  3:03  Overlord  
  34  3:07  Ravager x2  
  38  3:12  Ravager  
  38  3:13  Ravager  
  38  3:24  Drone  
  38  3:25  Drone x2  
  41  3:42  Hatchery  
  41  3:47  Drone x2  
  42  3:53  Overlord  
  42  4:07  Drone x3  
  45  4:11  Queen  
  47  4:22  Spore Crawler  
  46  4:25  Drone x3  
  49  4:33  Overlord  
  49  4:40  Overlord  
  48  4:51  Queen  
  50  4:54  Queen  
  52  5:00  Drone x4  
  53  5:11  Drone x2  
  52  5:16  Spore Crawler  
  51  5:25  Drone  
  51  5:27  Spore Crawler, Ravager  
  52  5:29  Queen  
  52  5:31  Drone x3  
  57  5:40  Drone x2  
  57  5:48  Queen  
  59  5:50  Hatchery  
  59  5:56  Drone x3  
  61  5:58  Spore Crawler  
  60  6:06  Drone x4  
  64  6:11  Lair  
  64  6:14  Metabolic Boost  
  64  6:16  Drone x2  
  64  6:17  Extractor  
  65  6:19  Overlord  
  65  6:28  Drone x3  
  65  6:30  Overlord  
  67  6:38  Overlord, Drone x3  
  70  6:41  Overlord  
  70  6:44  Drone x2  
  70  6:45  Drone  
  73  6:49  Drone  
  73  6:53  Drone  
  75  6:59  Drone  
  76  7:02  Drone x3  
  76  7:03  Drone  
  76  7:04  Extractor  
  76  7:06  Roach  
  81  7:10  Evolution Chamber  
  81  7:12  Overlord  
  81  7:13  Overseer  
  81  7:15  Roach  
  82  7:17  Roach  
  82  7:18  Glial Reconstitution  
  82  7:19  Roach x3  
  89  7:23  Roach  
  89  7:24  Roach  
  89  7:27  Roach  
  95  7:30  Roach, Ravager  
  95  7:31  Roach x2  
  95  7:35  Roach x2  
  103  7:37  Roach  
  103  7:41  Roach x2  
  103  7:44  Overlord  
  104  7:47  Drone  
  97  7:54  Drone  
  97  7:55  Drone x4  
  91  8:08  Drone  
  90  8:13  Drone  
  90  8:14  Drone x4  
  95  8:20  Extractor  
  95  8:21  Infestation Pit  
  95  8:23  Drone x2  
  95  8:26  Extractor, Drone  
  95  8:35  Zerg Missile Weapons Level 1  
  95  8:36  Drone x3  
  98  8:42  Drone  
  99  8:48  Drone x2  
  99  8:49  Drone  
  99  8:50  Drone  
  99  8:52  Drone  
  104  9:02  Roach x3, Hatchery  
  109  9:04  Ravager x3  
  109  9:07  Roach x2  
  116  9:11  Overlord  
  116  9:18  Hive  
  116  9:20  Drone  
  116  9:21  Drone  
  119  9:24  Zergling x8  
  119  9:25  Overlord x2  
  119  9:28  Overlord  
  119  9:29  Overlord  
  119  9:31  Overlord  
  122  9:37  Drone  
  123  9:40  Hydralisk Den, Zergling x4  
  124  9:49  Zergling x18  
  133  9:53  Drone  
  133  9:55  Ravager  
  133  9:56  Ravager x3  
  137  10:00  Roach x3  
  137  10:01  Roach  
  145  10:07  Roach  
  145  10:08  Roach  
  149  10:18  Roach  
  149  10:19  Roach x6  
  159  10:26  Zergling x8  
  159  10:27  Zergling x2, Overlord  
  164  10:32  Zergling x2  
  164  10:33  Zergling x6  
  164  10:35  Zergling x2  
  169  10:38  Drone x2  
  169  10:39  Extractor  
  170  10:42  Zerg Missile Weapons Level 2  
  170  10:45  Lurker Den  
  170  10:48  Drone  
  170  10:49  Drone x3  
  170  10:50  Drone  
  170  10:51  Drone  
  170  10:53  Drone  
  170  10:54  Extractor  
  170  10:56  Drone  
  170  10:57  Drone x2  
  175  10:59  Drone  
  175  11:01  Drone  
  176  11:04  Overlord  
  176  11:10  Viper x2  
  182  11:14  Overlord x2  
  183  11:25  Drone x2  
  183  11:26  Drone  
  183  11:27  Overlord  
  183  11:28  Grooved Spines  
  185  11:36  Pneumatized Carapace  
  185  11:37  Hydralisk x3  
  191  11:42  Hydralisk x2, Hatchery  
  191  11:45  Hydralisk x2  
  198  11:51  Seismic Spines  
  198  11:56  Evolution Chamber  
  197  12:07  Lurker x3  
  187  12:34  Lurker x4  
  191  12:40  Drone x3  
  191  12:41  Drone  
  191  12:43  Overseer x2  
  195  12:44  Zerg Ground Armor Level 1  
  195  12:45  Muscular Augments  
  195  12:46  Overlord  
  195  12:48  Adaptive Talons  
  195  12:49  Hydralisk x2  
  199  13:10  Extractor  
  199  13:11  Extractor  
  199  13:12  Spine Crawler  
  196  13:13  Spine Crawler x2  
  196  13:14  Spine Crawler, Zerg Missile Weapons Level 3  
  196  13:15  Drone  
  196  13:16  Spine Crawler x2, Drone x6  
  198  13:21  Lurker  
  199  13:35  Spire  
  198  13:45  Hydralisk x2  
  198  13:46  Hydralisk  
  199  13:53  Hydralisk  
  180  14:04  Viper x3, Overseer  
  180  14:07  Hydralisk  
  180  14:08  Hydralisk x12  
  200  14:15  Spine Crawler x2  
  200  14:16  Spine Crawler  
  197  14:17  Spine Crawler  
  197  14:19  Lurker x2  
  197  14:20  Lurker x2  
  200  14:33  Evolution Chamber  
  200  14:36  Evolution Chamber  
  200  14:37  Adrenal Glands  
  198  14:42  Evolution Chamber  
  197  14:46  Zerg Ground Armor Level 2  
  197  14:52  Hydralisk x4  
  188  14:53  Hydralisk  
  188  14:59  Lurker x2  
  200  15:04  Spore Crawler  
  192  15:16  Hydralisk  
  192  15:17  Hydralisk x7  
  186  15:33  Hydralisk x8  
  192  15:48  Hydralisk  
  192  15:49  Hydralisk x7  
  172  16:17  Hydralisk  
  172  16:18  Hydralisk x9  
  153  16:22  Hydralisk  
  153  16:24  Drone x2  
  175  16:32  Overseer x3  
  175  16:35  Lurker x2  
  175  16:36  Lurker x3  
  180  16:40  Drone x2  
  180  16:41  Drone  
  180  16:42  Drone  
  173  16:48  Drone x2  
  173  16:49  Drone x2  
  173  16:53  Zergling x6  
  167  17:08  Hydralisk x5  
  167  17:09  Hydralisk  
  167  17:12  Hydralisk  
  179  17:22  Hydralisk x4  
  184  17:31  Lurker  
  184  17:32  Lurker x7  
  183  17:46  Hydralisk x6  
  183  17:49  Drone x2  
  183  17:50  Drone  
Show
View Real Time Build Order
Export as new Build Order

MaxPax Protoss 

Build Orders:  

Get SALT Encoding   

  12  0:00  Probe  
  13  0:12  Probe  
  14  0:20  Pylon  
  14  0:24  Probe  
  15  0:38  Gateway, Probe (Chrono Boost)  
  16  0:48  Assimilator, Probe (Chrono Boost)  
  17  0:53  Probe (Chrono Boost)  
  18  1:02  Forge  
  18  1:04  Probe  
  19  1:16  Probe  
  20  1:29  Pylon  
  20  1:31  Pylon  
  20  1:32  Pylon  
  20  1:34  Probe  
  21  1:47  Photon Cannon  
  21  1:48  Pylon  
  21  1:56  Cybernetics Core  
  21  1:59  Photon Cannon  
  21  2:10  Photon Cannon  
  21  2:30  Adept (Chrono Boost)  
  23  2:38  Stargate  
  23  2:40  Nexus  
  23  2:50  Assimilator  
  23  2:52  Pylon  
  23  2:55  Probe  
  24  3:07  Probe  
  25  3:13  Void Ray (Chrono Boost)  
  25  3:19  Probe  
  26  3:26  Shield Battery  
  29  3:31  Adept  
  31  3:36  Probe  
  32  3:47  Photon Cannon  
  32  3:55  Probe  
  33  3:56  Probe  
  33  4:02  Oracle (Chrono Boost)  
  34  4:09  Probe (Chrono Boost)  
  38  4:10  Pylon  
  38  4:14  Probe (Chrono Boost)  
  37  4:19  Warp Gate  
  38  4:24  Probe (Chrono Boost)  
  38  4:27  Probe (Chrono Boost)  
  40  4:31  Oracle (Chrono Boost), Probe  
  40  4:37  Probe  
  44  4:43  Pylon, Probe  
  45  4:49  Probe  
  46  5:13  Twilight Council  
  46  5:14  Gateway  
  46  5:16  Gateway  
  46  5:19  Pylon  
  46  5:21  Pylon  
  46  5:27  Gateway  
  46  5:33  Pylon  
  46  5:37  Probe x2  
  50  5:50  Probe x2  
  50  5:56  Resonating Glaives (Chrono Boost)  
  50  5:57  Pylon, Nexus  
  50  6:01  Void Ray (Chrono Boost)  
  50  6:02  Probe x2  
  52  6:08  Adept x2  
  60  6:13  Pylon  
  60  6:15  Probe  
  60  6:16  Probe  
  62  6:22  Pylon  
  62  6:27  Adept, Probe  
  62  6:28  Probe  
  65  6:34  Adept  
  65  6:36  Adept  
  69  6:40  Adept  
  69  6:43  Assimilator  
  69  6:46  Assimilator  
  71  6:47  Probe x2  
  73  6:54  Robotics Facility  
  73  6:57  Adept  
  73  6:58  Adept  
  73  6:59  Probe  
  73  7:01  Probe  
  79  7:03  Adept  
  79  7:06  Adept  
  83  7:18  Probe  
  84  7:28  Probe x2  
  83  7:30  Probe  
  84  7:40  Probe  
  84  7:42  Probe  
  84  7:43  Probe  
  79  7:52  Probe  
  79  7:54  Probe  
  79  7:55  Probe  
  72  7:59  Immortal (Chrono Boost)  
  72  8:03  Protoss Ground Weapons Level 1  
  72  8:05  Blink  
  74  8:09  Probe  
  74  8:10  Sentry  
  74  8:11  Sentry x3, Probe  
  80  8:15  Gateway, Probe  
  80  8:19  Assimilator x2, Gateway  
  81  8:22  Probe  
  81  8:23  Gateway  
  81  8:24  Gateway  
  81  8:25  Pylon  
  76  8:29  Immortal (Chrono Boost)  
  76  8:32  Shield Battery  
  76  8:33  Pylon  
  76  8:34  Pylon  
  80  8:37  Stalker x2  
  80  8:40  Stalker  
  86  8:48  Stalker  
  88  8:56  Immortal (Chrono Boost)  
  92  9:05  Stalker x3  
  98  9:13  Sentry x2  
  102  9:21  Warp Prism (Chrono Boost)  
  104  9:26  Stalker x3  
  104  9:30  Stalker x3  
  116  9:42  Stalker x2  
  120  9:53  Stalker  
  120  9:54  Sentry, Observer, Nexus  
  120  9:59  Robotics Bay  
  125  10:02  Stalker  
  126  10:20  Stalker x5  
  120  10:34  Nexus  
  120  10:37  Robotics Facility  
  120  10:42  Pylon  
  120  10:45  Colossus (Chrono Boost)  
  126  10:51  Stalker x3  
  126  10:56  Pylon  
  132  11:03  Probe  
  132  11:04  Extended Thermal Lance, Probe  
  134  11:09  Probe  
  133  11:16  Probe  
  134  11:20  Colossus (Chrono Boost)  
  134  11:22  Stalker x2  
  134  11:30  Protoss Ground Weapons Level 2 (Chrono Boost)  
  144  11:35  Photon Cannon  
  144  11:36  Colossus (Chrono Boost), Photon Cannon  
  144  11:39  Shield Battery  
  144  11:43  Probe x2  
  144  11:46  Probe  
  146  11:47  Probe  
  147  11:55  Probe, Photon Cannon  
  147  11:56  Sentry, Stalker  
  147  11:58  Probe  
  153  12:03  Stalker x2  
  153  12:04  Sentry  
  153  12:05  Probe  
  153  12:07  Probe  
  160  12:36  Pylon  
  160  12:37  Stalker x2, Pylon, Observer (Chrono Boost)  
  160  12:43  Gateway x2  
  164  12:44  Assimilator  
  164  12:46  Pylon  
  164  12:47  Assimilator  
  164  12:50  Colossus (Chrono Boost)  
  164  12:54  Probe  
  172  12:58  Probe  
  172  12:59  Templar Archives, Charge (Chrono Boost)  
  172  13:01  Probe  
  172  13:02  Disruptor (Chrono Boost)  
  174  13:07  Stalker x5  
  174  13:10  Zealot x2  
  188  13:14  Pylon  
  188  13:16  Pylon  
  188  13:28  Photon Cannon  
  188  13:30  Probe x2  
  188  13:32  Disruptor  
  189  13:35  Photon Cannon  
  189  13:37  Disruptor (Chrono Boost)  
  189  13:38  Stalker x3  
  189  13:39  Shield Battery  
  198  13:47  Stalker x2  
  198  13:48  Stalker  
  196  13:51  Zealot  
  192  13:58  Zealot x3  
  195  14:10  Disruptor (Chrono Boost)  
  195  14:14  High Templar  
  200  14:19  High Templar  
  200  14:26  Archon  
  200  14:29  Disruptor  
  200  14:30  Protoss Ground Weapons Level 3 (Chrono Boost)  
  200  14:31  Pylon  
  198  14:50  Nexus  
  198  14:51  Disruptor (Chrono Boost)  
  198  14:52  Pylon  
  187  15:00  Zealot x6  
  200  15:12  Disruptor (Chrono Boost)  
  190  15:18  Disruptor (Chrono Boost)  
  186  15:25  Stargate  
  156  15:35  Zealot x2  
  156  15:36  Zealot x8  
  156  15:39  Fleet Beacon  
  156  15:40  Disruptor  
  146  15:52  Disruptor  
  146  15:54  Stargate  
  149  15:57  Probe  
  149  16:02  Stalker  
  149  16:03  Zealot x9  
  170  16:06  Oracle (Chrono Boost)  
  155  16:14  Void Ray (Chrono Boost)  
  155  16:16  Disruptor (Chrono Boost)  
  128  16:25  Zealot x6, Disruptor (Chrono Boost)  
  145  16:35  Zealot x2  
  145  16:36  Zealot x2  
  153  16:44  Disruptor (Chrono Boost)  
  136  16:49  Zealot x4  
  144  16:55  Observer (Chrono Boost)  
  144  17:01  Carrier (Chrono Boost)  
  110  17:06  High Templar x4  
  104  17:10  Archon x2  
  104  17:13  Disruptor (Chrono Boost)  
  102  17:17  High Templar x4  
  102  17:21  Archon  
  102  17:22  Archon  
  113  17:41  Nexus  
  113  17:47  Observer  
  114  17:52  Probe x2  
  116  18:00  Pylon  
  109  18:09  Zealot x2  
Tags
 
Add a new tag
Caveats
  • Supply blocks, unpowered buildings, or Contaminate may cause inaccurate times.
  • Supply counts are checked every 10 seconds.